 Dungeon Crawl Stone Soup version 0.28-a0-1555-g9ae15a6949 (webtiles) character file.

Game seed: 18263495591917802309

56 HallandMoats the Skirmisher (level 3, 0/33 HPs)
             Began as a Ghoul Monk on Jan 18, 2022.
             Slain by an orc (2 damage)
             ... on level 2 of the Dungeon.
             The game lasted 00:01:11 (1089 turns).

HallandMoats the Skirmisher (Ghoul Monk)            Turns: 1089, Time: 00:01:11

Health: 0/33       AC:  5    Str: 16    XL:     3   Next: 95%
Magic:  2/2        EV: 11    Int:  5    God:
Gold:   43         SH:  0    Dex: 11    Spells: 2/2 levels left

rFire   . . .      SeeInvis .   a - +0 hand axe
rCold   + . .      Faith    .   (no shield)
rNeg    + + +      Spirit   .   d - +0 ring mail
rPois   ∞          Reflect  .   (no helmet)
rElec   .          Harm     .   (no cloak)
rCorr   .          Rampage  .   (no gloves)
Will    .....                   (no boots)
Stlth   +.........              (no amulet)
HPRegen 0.00/turn               (no ring)
MPRegen 0.08/turn               (no ring)

@: inhibited regen
A: claws 1, cold resistance 1, negative energy resistance 3, inhibited
regeneration, torment resistance 2
a: no special abilities


You were on level 2 of the Dungeon.
You visited 1 branch of the dungeon, and saw 2 of its levels.

You collected 43 gold pieces.

Inventory:

Hand Weapons
 a - a +0 hand axe (weapon)
Armour
 d - a +0 ring mail (worn)
Scrolls
 c - 2 scrolls of teleportation {unknown}
 e - a scroll of identify {unknown}
Potions
 b - a potion of lignification {unknown}


   Skills:
 * Level 4.0 Fighting
 * Level 3.3 Axes
 + Level 1.0 Armour
 + Level 3.0 Dodging
 - Level 2.1 Stealth


You had 2 spell levels left.
You didn't know any spells.
Your spell library was empty.

Dungeon Overview and Level Annotations

Branches:
Dungeon (2/15)

Altars:


Innate Abilities, Weirdness & Mutations

You thrive by killing the living.
You are immune to poison.
You have sharp fingernails.
Your flesh is cold resistant. (rC+)
You are immune to negative energy. (rN+++)
You do not regenerate when monsters are visible.
You are immune to unholy pain and torment.


Message History

Deactivating autopickup; reactivate with Ctrl-A.
You barely miss something. Something hits you.
Something hits you but does no damage.
You hit something but do no damage.
You hear some strange, mumbled words.
You are confused.
You bump into the rock wall.
Something hits you but does no damage.
You bump into the rock wall.
Something hits you but does no damage.
You completely miss something. Something completely misses you.
You miss something.
You feel less confused. Something hits you but does no damage.
You closely miss something. Something hits you but does no damage.
You hit something. Something hits you but does no damage.
You miss something. Something hits you.
You closely miss something. Something hits you but does no damage.
Something hits you.
You miss something. Something barely misses you.
You miss something. Something hits you but does no damage.
You hit something but do no damage. Something hits you.
You hit something. Something hits you but does no damage.
You barely miss something. Something hits you but does no damage.
Something hits you.
You hit something but do no damage. Something hits you.
You closely miss something.
You hear some strange, mumbled words.
A puff of flame appears from out of thin air!
The puff of flame hits you!
* * * LOW HITPOINT WARNING * * *
You closely miss something. Something hits you but does no damage.
You slash something!
Reactivating autopickup.
You feel a bit more experienced.
Your Fighting skill increases to level 4!
Your Armour skill increases to level 1!
You closely miss the orc. The orc misses you.
You hit the orc.
The orc is almost dead.
The orc hits you with a +0 short sword.
You die...

#....##. .....#
########.#..##.#.....#
....o................#
.....o...#...#........
########.#...#...#.#..
#o#............
#)#............
##########.#.#.#.)#.†#..
.......@oo..........†...
..##########.#.#.<#..#.#
#.#.#.##.....
#.........#.#
#.#.#.###.#.#
#.........# #
#####.##### #.# #.#


You could see 2 orcs.

Vanquished Creatures
  An orc wizard (D:2)
  An orc (D:2)
  3 endoplasms (D:1)
  2 giant cockroaches (D:1)
  3 goblins (D:1)
  3 hobgoblins
  3 kobolds
  A quokka (D:2)
  7 ball pythons (D:1)
  A bat (D:1)
  2 frilled lizards
  2 rats
29 creatures vanquished.

Notes
Turn   | Place    | Note
-------+----------+-------------------------------------------
     0 | D:1      | HallandMoats the Ghoul Monk began the quest for the Orb.
     0 | D:1      | Reached XP level 1. HP: 19/19 MP: 0/0
   136 | D:1      | Reached XP level 2. HP: 5/26 MP: 1/1
   978 | D:1      | Reached XP level 3. HP: 33/33 MP: 2/2
  1088 | D:2      | Reached skill level 4 in Fighting
  1088 | D:2      | Reached skill level 1 in Armour
  1089 | D:2      | Slain by an orc

Illustrated notes

Levels and vault maps discovered:
D:1:      dpeg_arrival_snail, layout_basic, minivault_14, columned_hall_lemuel
D:2:      layout_basic, basic_altar, hellmonk_ecumenical_altar_inner_sanctum,
          minmay_strange_pillars

Skill      XL: |  1  2  3 |
---------------+----------+-----
Axes           | 3 |  3.3
Dodging        | 3 |  3.0
Fighting       | 4 |  4.0
Armour         | 1 |  1.0
Stealth        | |  2.1

Action                   || total
-------------------------++-------
Melee: Hand axe          ||   112
       Punch             ||     1
Armor: Ring mail         ||    55
Dodge: Dodged            ||    63

Table legend: (Time is in decaauts)
 A = Elapsed time spent in this place.
 B = Non-inter-level travel time spent in this place.
 C = Inter-level travel time spent in this place.
 D = Time resting spent in this place.
 E = Time spent auto-exploring this place.
 F = Levels seen in this place.
 G = Mean time per level.
                   A        B        C        D        E       F      G
               +--------+--------+--------+--------+--------+-----+--------+
         Total |   1108 |   1100 |      8 |      0 |    853 |   2 |  554.0 |
       Dungeon |   1108 |   1100 |      8 |      0 |    853 |   2 |  554.0 |
               +--------+--------+--------+--------+--------+-----+--------+

Top non-repeatable levels by time:
     D:1: 1000 daAuts
     D:2: 108 daAuts
